 Dungeon Crawl Stone Soup version 0.18-a0-1195-g77a4f03 (console) character file.

351899 FoCheiMinh the Severer (level 23, -5/178 HPs)
             Began as a Formicid Fighter on Jan 28, 2016.
             Was the Champion of Cheibriados.
             Killed from afar by a Brimstone Fiend (43 damage)
             ... with a blast of hellfire
             ... summoned by a deep elf demonologist
             ... on level 3 of the Elven Halls on Jan 29, 2016.
             The game lasted 04:53:56 (48475 turns).

FoCheiMinh the Severer (Formicid Fighter)          Turns: 48475, Time: 04:53:56

Health: -5/178     AC: 25    Str: 45    XL:     23   Next: 62%
Magic:  38/38      EV: 34    Int: 23    God:    Cheibriados [******]
Gold:   4433       SH: 38    Dex: 32    Spells: 0 memorised, 22 levels left

rFire  + . .     SeeInvis +     a - +7 battleaxe {freeze, Str+3}
rCold  + . .     Gourm    .     d - +1 plate armour of Peschul {rC+ MP+9 Str-2}
rNeg   . . .     Faith    .     i - +8 large shield of Ufemux {-Cast rElec Str+5 Slay+3}
rPois  .         Spirit   .     (helmet unavailable)
rElec  +         Dismiss  .     e - +0 cloak
rCorr  .         Reflect  +     g - +2 pair of gloves
SustAt .         Harm     .     (no boots)
MR     ++...     Clarity  +     u - +4 amulet of reflection
Stlth  .......... NoCast   +    Q - ring of protection from fire
                                K - +3 ring of evasion

@: very slow, very resistant to hostile enchantments, extremely unstealthy
A: permanent stasis, dig shafts and tunnels, four strong arms, antennae 3,
hooves 2, clarity
a: Dig, Shaft Self, Bend Time, Temporal Distortion, Slouch, Step From Time,
Renounce Religion
}: 1/15 runes: barnacled


You were on level 3 of the Elven Halls.
You worshipped Cheibriados.
Cheibriados was exalted by your worship.
You were not hungry.

You visited 8 branches of the dungeon, and saw 38 of its levels.
You visited the Abyss 1 time.
You also visited: Sewer, Ice Cave and Volcano.

You collected 4877 gold pieces.
You spent 444 gold pieces at shops.

Inventory:

Hand Weapons
 a - the +7 battleaxe of Nemelex Xobeh's Favour (weapon) {freeze, Str+3}
   (You found it on level 1 of the Shoals)

   It has been specially enchanted to freeze those struck by it, causing extra
   injury to most foes and up to half again as much damage against particularly
   susceptible opponents.
   It can also slow down cold-blooded creatures.
   It affects your strength (+3).
 b - a +3 war axe of flaming
 r - a +2 battleaxe of venom
 L - a +0 battleaxe
Missiles
 k - 1112 stones
 G - 8 javelins of penetration
 I - 62 javelins (quivered)
Armour
 d - the +1 plate armour of Peschul (worn) {rC+ MP+9 Str-2}
   (You found it on level 8 of the Dungeon)

   It affects your strength (-2).
   It protects you from cold.
   It affects your magic capacity (+9).
 e - a +0 cloak (worn)
 g - a +2 pair of gloves (worn)
 i - the +8 large shield of Ufemux (worn) {-Cast rElec Str+5 Slay+3}
   (You took it off Mennas on level 2 of the Vaults)

   It affects your strength (+5).
   It affects your accuracy and damage with ranged weapons and melee attacks
   (+3).
   It insulates you from electricity.
   It prevents spellcasting.
 j - a +2 shield of cold resistance
 y - a +2 large shield of fire resistance
 M - a +0 pair of gloves
Rods
 x - a +0 rod of destruction (10/10)
   (You found it on level 13 of the Dungeon)
Jewellery
 u - a +4 amulet of reflection (around neck)
 H - a +3 ring of slaying
 K - a +3 ring of evasion (left hand)
 Q - a ring of protection from fire (right hand)
 X - an uncursed ring of sustain attributes
Wands
 o - a wand of removedness (2/24)
 w - a wand of fireball (7/15)
 z - a wand of lightning (6/15)
 S - a wand of teleportation (2/9)
Scrolls
 c - 15 scrolls of remove curse
 q - 4 scrolls of magic mapping
 s - 5 scrolls of fear
 C - a scroll of fog
 J - a scroll of recharging
 U - 13 scrolls of identify
Potions
 m - 3 potions of resistance
 t - 5 potions of agility
 A - 18 potions of curing
 E - 5 potions of heal wounds
 F - a potion of flight
 O - 4 potions of magic
 V - 4 potions of might
Miscellaneous
 l - a phantom mirror
 p - a fan of gales
 B - a phial of floods
 R - a lamp of fire
Comestibles
 f - a beef jerky
 h - 13 slices of pizza
 n - 24 bread rations
 D - a meat ration


   Skills:
 + Level 14.0 Fighting
 - Level 20.0 Axes
 + Level 3.1 Throwing
 + Level 18.7 Armour
 * Level 19.2 Dodging
 - Level 15.0 Shields
 - Level 9.2 Invocations


You had 22 spell levels left.
You didn't know any spells.

Dungeon Overview and Level Annotations

Branches:
Dungeon (15/15)            Temple (1/1) D:5            Lair (8/8) D:9
 Shoals (4/4) Lair:5       Spider (1/4) Lair:6        Slime (0/6) Lair:7
    Orc (2/2) D:12            Elf (3/3) Orc:2        Vaults (4/5) D:13
  Crypt (0/3) Vaults:2     Depths (0/5) D:15

Altars:
Ashenzari
Cheibriados
Dithmenos
Elyvilon
Fedhas
Gozag
Kikubaaqudgha
Makhleb
Nemelex Xobeh
Okawaru
Pakellas
Qazlal
Ru
Sif Muna
Trog
Vehumet
Xom
Yredelemnul
Zin
The Shining One
Beogh
Jiyva

Shops:
D:8 :   D:9 [   Orc:1 *   Orc:2 *?}:   Elf:1 *[=?   Elf:2 (   Shoals:3 :
Vaults:1 ?

Annotations:
Elf:1 Area across water


Innate Abilities, Weirdness & Mutations

You are under a permanent stasis effect.
You can dig through walls and to a lower floor.
Your four strong arms can wield two-handed weapons with a shield.
You have a pair of large antennae on your head (SInv).
You have hoof-like feet.
You possess an exceptional clarity of mind.


Message History

The Brimstone Fiend hits you but does no damage.
Items here: ( )))))))) [[[[ The Brimstone Fiend calls on the powers of darkness!
Your body is wracked with pain!
You open the Brimstone Fiend like a pillowcase!!!
You freeze the Brimstone Fiend!
You kick the Brimstone Fiend, but do no damage.
The Brimstone Fiend is heavily wounded.
The Brimstone Fiend gestures at you.
The hellfire explodes!
The blast of hellfire engulfs you!
* * * LOW HITPOINT WARNING * * *
The blast of hellfire engulfs the Brimstone Fiend.
The Brimstone Fiend completely resists.
You hear a shout!
You slash the Brimstone Fiend! You freeze the Brimstone Fiend.
You kick the Brimstone Fiend, but do no damage.
The Brimstone Fiend is heavily wounded.
The Brimstone Fiend gestures at you.
The hellfire explodes!
The blast of hellfire engulfs you!
You die...

**#.{8{.#** #
###{### # ##{..## #
#...{.# # #..{{.# #
###{### # #.{{##
#.##1# #.#@## #.##)#
#.#.## #### #.##)#
###..# ##
#.#.######....# #.
#.............#####.
######.....P..'...'.
###......#####.
##'#....# #.


You could see a Brimstone Fiend.

Vanquished Creatures
  Mennas (Vaults:2)
  Norris (Elf:3)
  Xtahua (Vaults:3)
  A bone dragon (Abyss:2)
  A lich (Abyss:2)
  A hellephant (Abyss:2)
  Jorgrun (Shoals:3)
  Polyphemus (Shoals:4)
  A kraken (Shoals:2)
  5 tentacled starspawn
  A sphinx (Vaults:3)
  Gastronok (Lair:2)
  7 vault wardens
  A fire giant (Vaults:4)
  Ilsuiw (Shoals:4)
  4 deep elf sorcerers
  Donald (Shoals:1)
  Louise (Lair:6)
  A cacodemon (Abyss:3)
  A draconian zealot (Abyss:3)
  2 deep elf elementalists
  A ghoul (Vaults:1)
  7 ironheart preservers
  6 stone giants
  5 very ugly things
  2 salamander stormcallers
  An ophan (Abyss:3)
  2 deep elf demonologists
  4 deep elf annihilators
  Snorg (D:13)
  A blizzard demon (Abyss:3)
  7 merfolk javelineers
  4 ettins
  3 crystal guardians (Elf:3)
  5 deep elf death magi
  A jiangshi (Vaults:2)
  8 vault guards
  2 deep elf high priests
  4 great orbs of eyes
  4 fire dragons
  7 merfolk impalers
  5 ice dragons
  A rakshasa (D:14)
  The ghost of FoCheiMinh the Destroyer, a journeyman FoFE of Cheibriados (Volcano)
  8 hydras
  3 centaur warriors
  4 merfolk avatars
  A catoblepas (Shoals:4)
  7 alligator snapping turtles
  6 death yaks
  5 merfolk aquamancers (Shoals:4)
  35 dancing weapons
  12 ogre magi
  A satyr (Shoals:4)
  The ghost of ProzacElf the Covert, a journeyman VSEE of Dithmenos (Lair:1)
  2 death knights
  A vampire mage (Vaults:2)
  3 tengu warriors
  2 hell hogs (Abyss:3)
  9 thrashing horrors
  19 deep elf knights
  6 wretched stars
  Nergalle (D:10)
  3 skeletal warriors (Vaults:1)
  2 shadow wraiths
  10 unseen horrors
  2 wizards (D:15)
  7 sea snakes
  A giant orange brain (Vaults:2)
  A sea snake (shapeshifter) (Vaults:3)
  3 deep trolls
  3 lindwurms
  9 hill giants
  A tengu zombie (Vaults:4)
  15 deep elf archers
  12 ironbrand convokers
  10 orc knights
  A phantasmal warrior (Vaults:2)
  17 ugly things
  3 necromancers
  2 hornets
  22 harpies
  A stone giant zombie (Vaults:4)
  An orb spider (Spider:1)
  13 griffons
  An oklob plant (Lair:6)
  5 orc sorcerers
  6 cyclopes
  84 deep elf magi
  2 wolf spiders
  10 manticores
  A fire giant zombie (Abyss:3)
  15 large abominations
  2 salamanders (shapeshifter)
  8 black mambas
  19 starcursed masses
  A hornet (shapeshifter) (Vaults:4)
  3 fauns
  A guardian serpent (Abyss:3)
  3 sixfirhies
  3 water nymphs
  An apocalypse crab (Abyss:3)
  2 ice statues (IceCv)
  15 elephants
  Joseph (D:9)
  12 sirens
  2 centaur zombies (D:15)
  2 naga magi (D:15)
  A fire giant skeleton (Vaults:4)
  7 vault sentinels
  5 smoke demons
  6 torpor snails (Lair:8)
  2 gargoyles (D:13)
  A hellion (Abyss:3)
  8 spiny frogs
  11 komodo dragons
  3 efreet
  3 demonic crawlers
  An orange demon (Abyss:3)
  A yaktaur zombie (Vaults:4)
  3 kobold demonologists
  24 yaktaurs
  6 fire drakes
  3 hellwings (Abyss:2)
  2 ancient zymes
  4 jumping spiders
  30 merfolk
  3 tengu conjurers
  20 trolls
  A jumping spider (shapeshifter) (D:14)
  5 freezing wraiths
  25 two-headed ogres
  3 giant leeches (Lair:8)
  20 blink frogs
  4 wind drakes
  8 raiju (Abyss:3)
  7 boulder beetles
  2 hornet zombies (D:15)
  The ghost of Grap the Skirmisher, an amateur OgBe of Trog (D:4)
  11 snapping turtles
  A stone giant simulacrum (Vaults:2)
  10 slime creatures
  2 centaur simulacra
  8 wraiths
  15 water elementals
  4 shadows
  A tarantella (shapeshifter) (Vaults:3)
  2 redbacks (Spider:1)
  3 wyverns
  2 vampires
  3 ynoxinuls
  3 air elementals
  3 tarantellas (Spider:1)
  15 hippogriffs
  9 basilisks
  3 fire elementals
  A hog (shapeshifter) (Vaults:4)
  A human (D:7)
  61 yaks
  4 chaos spawn
  4 hungry ghosts
  A steam dragon (D:11)
  A mottled dragon (shapeshifter) (Elf:2)
  20 vampire mosquitoes
  A neqoxec (Abyss:2)
  5 wolves (Lair:6)
  4 wargs
  6 mottled dragons
  16 water moccasins
  A hell hound (shapeshifter) (Abyss:3)
  The ghost of Grap the Skirmisher, an amateur OgBe of Trog (D:3)
  14 porcupines
  Duvessa (D:7)
  20 ice beasts
  41 orc warriors
  6 sky beasts
  2 wasps (Lair:8)
  3 black bears
  58 ogres
  An eye of draining (shapeshifter) (Vaults:2)
  2 eyes of draining
  A phantom (D:7)
  5 centaurs
  A snapping turtle skeleton (Abyss:2)
  16 crocodiles
  4 big kobolds
  2 human zombies (Vaults:4)
  A gnoll sergeant (D:12)
  2 water moccasin zombies
  31 giant frogs
  2 earth elementals
  A wyvern zombie (D:11)
  Dowan (D:7)
  9 small abominations
  A water moccasin skeleton (D:4)
  10 killer bees
  4 wights
  7 crimson imps
  5 quasits
  8 centaur skeletons
  A giant frog skeleton (D:4)
  12 hounds
  A gnoll shaman (D:6)
  19 orc priests
  6 jellies
  3 iron imps (Abyss:2)
  12 human skeletons (Vaults:3)
  15 iguanas
  30 orc wizards
  19 worker ants
  49 sheep
  4 human simulacra
  27 adders
  21 gnolls
  65 river rats
  4 shadow imps
  15 white imps
  2 giant eyeballs (D:15)
  An ufetubus (Abyss:2)
  10 oozes
  2 adder skeletons
  An adder zombie (D:7)
  23 worms
  20 giant geckos
  125 orcs
  15 ball pythons
  13 giant cockroaches
  7 goblins
  6 hobgoblins
  25 jackals
  5 quokkas
  9 bats
  A giant gecko skeleton (D:6)
  13 giant newts
  A jackal skeleton (D:7)
  22 kobolds
  2 quokka skeletons
  13 rats
  A bush (Shoals:3)
  A fungus (Lair:5)
  25 plants
  2 starspawn tentacles (Abyss:2)
  3 tentacles (Shoals:2)
1933 creatures vanquished.

Vanquished Creatures (others)
  A very ugly thing (Vaults:3)
  2 stone giants
  A blizzard demon (Abyss:2)
  Erolcha (D:9)
  3 centaur warriors
  A satyr (Shoals:2)
  2 tengu warriors
  2 deep elf knights (Elf:2)
  10 deep elf archers
  An ugly thing (Abyss:2)
  A manticore (Shoals:1)
  8 cyclopes
  2 fauns (Shoals:4)
  A vault sentinel (Vaults:2)
  12 yaktaurs
  A large abomination (Abyss:2)
  An orc warrior (D:13)
  7 centaurs
  A small abomination (Abyss:2)
  An orc wizard (Orc:2)
  A worker ant zombie (D:11)
  2 ufetubi
  2 orcs
  12 fungi
  17 plants
  12 starspawn tentacles
  58 starspawn tentacle segments
  4 tentacles (Shoals:2)
  117 tentacle segments (Shoals:2)
284 creatures vanquished.

Grand Total: 2217 creatures vanquished

Notes
Turn   | Place    | Note
--------------------------------------------------------------
     0 | D:1      | FoCheiMinh the Formicid Fighter began the quest for the Orb.
     0 | D:1      | Reached XP level 1. HP: 18/18 MP: 1/1
    58 | D:1      | Reached XP level 2. HP: 16/24 MP: 2/2
   533 | D:1      | Reached XP level 3. HP: 24/29 MP: 3/3
  1195 | D:2      | Found a burning altar of Makhleb.
  1285 | D:2      | Reached skill level 4 in Axes
  1285 | D:2      | Reached XP level 4. HP: 32/35 MP: 4/4
  1661 | D:2      | Reached XP level 5. HP: 32/41 MP: 5/5
  1820 | D:2      | Reached skill level 5 in Axes
  2007 | D:3      | Noticed Grap's ghost (amateur OgBe)
  2166 | D:3      | Found a glowing golden altar of the Shining One.
  3030 | D:4      | Reached skill level 6 in Axes
  3030 | D:4      | Reached XP level 6. HP: 36/47 MP: 6/6
  3282 | D:4      | Noticed a vampire
  3398 | D:4      | Reached skill level 7 in Axes
  3398 | D:4      | Reached XP level 7. HP: 39/52 MP: 7/7
  3644 | D:4      | Noticed Grap's ghost (amateur OgBe)
  3666 | D:5      | Entered Level 5 of the Dungeon
  3666 | D:5      | Found a shimmering altar of Xom.
  3666 | D:5      | Found a shimmering altar of Xom.
  3667 | D:5      | Found a shimmering altar of Xom.
  3809 | D:5      | Found a glowing drain.
  3886 | Sewer    | Entered a sewer
  4031 | Sewer    | Reached skill level 1 in Dodging
  4398 | Sewer    | Reached XP level 8. HP: 54/58 MP: 8/8
  4568 | D:5      | Reached skill level 8 in Axes
  4676 | D:5      | Found a shimmering altar of Xom.
  4676 | D:5      | Found a shimmering altar of Xom.
  4676 | D:5      | Found a shimmering altar of Xom.
  4765 | D:5      | Found a shattered altar of Ashenzari.
  4869 | D:5      | Found a staircase to the Ecumenical Temple.
  4878 | Temple   | Entered the Ecumenical Temple
  5182 | D:5      | Found a sparkling altar of Nemelex Xobeh.
  5182 | D:5      | Found an opulent altar of Gozag.
  5626 | D:4      | Killed Grap's ghost
  5626 | D:4      | Reached skill level 5 in Shields
  6040 | D:4      | Got a heavily runed leather armour
  6185 | D:3      | Killed Grap's ghost
  6185 | D:3      | Reached XP level 9. HP: 61/66 MP: 9/9
  6286 | D:6      | Reached skill level 9 in Axes
  6308 | D:6      | Found a radiant altar of Vehumet.
  6913 | D:6      | Reached skill level 5 in Armour
  7147 | D:6      | Reached skill level 5 in Fighting
  7221 | D:6      | Got a transparent leather armour
  7963 | D:6      | Identified the cursed +1 leather armour of Noeschonno {rC++ Str+2} (You found it on level 4 of the Dungeon)
  8029 | D:7      | HP: 1/68 [vampire (11)]
  8303 | D:7      | Reached XP level 10. HP: 68/74 MP: 10/10
  8383 | D:7      | Reached skill level 10 in Axes
  8556 | D:7      | Noticed Duvessa
  8560 | D:7      | Killed Duvessa
  8565 | D:7      | Noticed Dowan
  8900 | D:7      | Killed Dowan
  9528 | D:8      | Identified the +2 leather armour of the Arcane {rF+ Int+3 Dex+3} (You found it on level 6 of the Dungeon)
  9589 | D:8      | Found Epicleoh's Book Boutique.
  9843 | D:8      | Got a heavily runed plate armour
  9854 | D:8      | Identified the +1 plate armour of Peschul {rC+ MP+9 Str-2} (You found it on level 8 of the Dungeon)
 10395 | D:8      | Reached skill level 11 in Axes
 10707 | D:9      | Found a staircase to the Lair.
 10746 | D:9      | Noticed Joseph
 10761 | D:9      | Killed Joseph
 10761 | D:9      | Reached XP level 11. HP: 68/83 MP: 11/11
 11033 | D:9      | Found a sacrificial altar of Ru.
 11088 | D:9      | Found a snail-covered altar of Cheibriados.
 11094 | D:9      | Found a glowing golden altar of the Shining One.
 11095 | D:9      | Became a worshipper of Cheibriados the Contemplative
 11134 | D:9      | Noticed Erolcha
 11154 | D:9      | Killed Erolcha
 11380 | D:9      | Found Saaxidof's Antique Armour Shop.
 11545 | D:9      | Reached * piety under Cheibriados
 11724 | D:9      | Found a roughly hewn altar of Beogh.
 11868 | D:9      | Reached skill level 5 in Dodging
 11907 | D:9      | Reached skill level 1 in Invocations
 12229 | D:9      | Bought a pair of runed gloves for 139 gold pieces
 12229 | D:9      | Bought a glowing large shield for 139 gold pieces
 12321 | Lair:1   | Entered Level 1 of the Lair of Beasts
 12338 | Lair:1   | Reached skill level 12 in Axes
 12354 | Lair:1   | Reached ** piety under Cheibriados
 12545 | Lair:1   | Noticed ProzacElf's ghost (journeyman VSEE)
 12567 | Lair:1   | Killed ProzacElf's ghost
 13201 | Lair:2   | Noticed Gastronok
 13220 | Lair:2   | Killed Gastronok
 13220 | Lair:2   | Reached skill level 10 in Shields
 13220 | Lair:2   | Reached XP level 12. HP: 56/91 MP: 14/14
 13904 | Lair:2   | Reached *** piety under Cheibriados
 14720 | Lair:3   | Reached skill level 13 in Axes
 14784 | Lair:3   | Noticed a death yak
 14784 | Lair:3   | Noticed a death yak
 14785 | Lair:3   | Noticed a death yak
 14800 | Lair:3   | Noticed a death yak
 14808 | Lair:3   | Killed a death yak
 14808 | Lair:3   | Reached **** piety under Cheibriados
 14818 | Lair:3   | Killed a death yak
 14838 | Lair:3   | Killed a death yak
 14851 | Lair:3   | Killed a death yak
 15462 | Lair:3   | Reached skill level 5 in Invocations
 15633 | Lair:4   | Reached XP level 13. HP: 93/98 MP: 16/16
 15910 | D:9      | Gained mutation: You have large cloven feet. [potion of mutation]
 15910 | D:9      | Gained mutation: You possess an exceptional clarity of mind. [potion of mutation]
 15910 | D:9      | Gained mutation: You have hoof-like feet. [potion of mutation]
 16026 | Lair:4   | Reached ***** piety under Cheibriados
 17205 | Lair:5   | Identified a scroll of acquirement
 17206 | Lair:5   | Got a faintly humming shield
 17217 | Lair:5   | Identified the +3 shield "Sel Mora" {Regen+ rCorr} (You acquired it on level 5 of the Lair of Beasts)
 17522 | Lair:5   | Reached ****** piety under Cheibriados
 17662 | Lair:5   | Found a staircase to the Shoals.
 17683 | Lair:5   | Reached skill level 14 in Axes
 18120 | Lair:6   | Noticed an eight-headed hydra
 18130 | Lair:6   | Killed an eight-headed hydra
 18274 | Lair:6   | Found a hole to the Spider Nest.
 18985 | Lair:6   | Reached XP level 14. HP: 51/106 MP: 18/18
 19322 | Lair:7   | Found a viscous altar of Jiyva.
 19323 | Lair:7   | Found a staircase to the Slime Pits.
 19454 | Lair:7   | You fall through a shaft!
 19454 | Lair:8   | Entered Level 8 of the Lair of Beasts
 19950 | Lair:8   | Reached skill level 10 in Armour
 21024 | Lair:8   | Found a runed door.
 21307 | Lair:8   | Reached XP level 15. HP: 115/115 MP: 19/19
 21409 | Lair:8   | Reached skill level 10 in Fighting
 21620 | D:9      | Upgraded the game from 0.18-a0-1180-g64ccc1e to 0.18-a0-1187-g9b90ff5
 21637 | D:10     | Entered Level 10 of the Dungeon
 21738 | D:10     | Reached skill level 15 in Axes
 21781 | D:10     | Noticed Nergalle
 21797 | D:10     | Killed Nergalle
 22700 | D:12     | Found a frozen archway.
 22836 | IceCv    | Entered an ice cave
 23302 | IceCv    | Got a bound ivory ring
 23322 | IceCv    | Identified the ring of the Tuna {Wiz rN+} (You found it in an ice cave)
 23961 | D:12     | Found a staircase to the Orcish Mines.
 24329 | D:12     | Found a white marble altar of Elyvilon.
 24521 | Orc:1    | Entered Level 1 of the Orcish Mines
 24562 | Orc:1    | Found a dark tunnel.
 24601 | Volcano  | Entered a volcano
 24604 | Volcano  | Noticed FoCheiMinh's ghost (journeyman FoFE)
 24621 | Volcano  | Killed FoCheiMinh's ghost
 25126 | Orc:1    | Found Eiveler's Eclectic Emporium.
 25241 | Orc:2    | Entered Level 2 of the Orcish Mines
 25378 | Orc:2    | Found a staircase to the Elven Halls.
 25559 | Orc:2    | Reached XP level 16. HP: 109/124 MP: 20/20
 25591 | Orc:2    | Reached skill level 10 in Dodging
 25644 | Orc:2    | Found Wakusi's General Store.
 25645 | Orc:2    | Found Ulun's Magic Scroll Shop.
 25649 | Orc:2    | Found Usifrahu's Gadget Boutique.
 25650 | Orc:2    | Found Bokhirahe's Book Shop.
 25821 | Orc:2    | Reached skill level 15 in Shields
 26622 | D:13     | Noticed Snorg
 26630 | D:13     | Killed Snorg
 26630 | D:13     | Reached skill level 16 in Axes
 27366 | D:13     | Identified a +0 rod of destruction (10/10) (You found it on level 13 of the Dungeon)
 27418 | D:13     | Found a gate to the Vaults.
 27871 | D:14     | Found an opulent altar of Gozag.
 28225 | D:14     | Reached XP level 17. HP: 133/133 MP: 22/22
 28391 | D:15     | Entered Level 15 of the Dungeon
 30016 | D:15     | Found a staircase to the Depths.
 30308 | Spider:1 | Entered Level 1 of the Spider Nest
 30400 | Shoals:1 | Entered Level 1 of the Shoals
 30444 | Shoals:1 | Noticed Donald
 30462 | Shoals:1 | Killed Donald
 30821 | Shoals:1 | Got a fine battleaxe
 30822 | Shoals:1 | Identified the +7 battleaxe of Nemelex Xobeh's Favour {freeze, Str+3} (You found it on level 1 of the Shoals)
 31540 | Shoals:2 | Reached XP level 18. HP: 137/141 MP: 23/23
 31576 | Shoals:2 | Reached skill level 17 in Axes
 31656 | Shoals:2 | Got a twisted short sword
 31766 | Shoals:2 | Noticed a kraken
 31773 | Shoals:2 | Killed a kraken
 32093 | Shoals:3 | Found Gonezop's Book Shop.
 32336 | Shoals:3 | Noticed Jorgrun
 32344 | Shoals:3 | Killed Jorgrun
 33034 | Shoals:4 | Entered Level 4 of the Shoals
 33148 | Shoals:4 | Reached skill level 18 in Axes
 33476 | Shoals:4 | Noticed Ilsuiw
 33490 | Shoals:4 | Killed Ilsuiw
 33827 | Shoals:4 | Got an ichor-stained ring mail
 33828 | Shoals:4 | Identified the +1 ring mail "Fuotoini" {+Blink Stlth+} (You found it on level 4 of the Shoals)
 34104 | Shoals:4 | Noticed Polyphemus
 34194 | Shoals:4 | Killed Polyphemus
 34331 | Shoals:4 | Reached XP level 19. HP: 130/147 MP: 25/25
 34333 | Shoals:4 | Got a pitted short sword {pierce}
 34932 | Shoals:4 | Identified the Volume of the Mountains
 35419 | Shoals:4 | Reached skill level 19 in Axes
 35572 | Shoals:4 | Reached skill level 1 in Throwing
 35604 | Shoals:4 | Got a barnacled rune of Zot
 36533 | Spider:1 | Noticed Louise
 36555 | Lair:6   | Killed Louise
 36782 | Vaults:1 | Entered Level 1 of the Vaults
 37864 | Vaults:1 | Found Tel Qirch's Magic Scroll Shop.
 38303 | Vaults:2 | Noticed Mennas
 38608 | Vaults:2 | Found a staircase to the Crypt.
 38715 | Vaults:2 | Got a shimmering blowgun
 38769 | Vaults:2 | Reached skill level 20 in Axes
 38836 | Vaults:2 | Killed Mennas
 38836 | Vaults:2 | Reached XP level 20. HP: 26/154 MP: 26/26
 38840 | Vaults:2 | Got a faintly humming large shield
 38906 | Vaults:1 | Identified the +8 large shield of Ufemux {-Cast rElec Str+5 Slay+3} (You took it off Mennas on level 2 of the Vaults)
 40129 | Vaults:3 | Got a smoking leather armour
 40175 | Vaults:3 | Reached skill level 15 in Armour
 40630 | Vaults:3 | Noticed Xtahua
 40652 | Vaults:3 | Killed Xtahua
 41823 | Vaults:4 | Reached XP level 21. HP: 160/160 MP: 27/27
 41962 | Vaults:4 | Reached skill level 15 in Dodging
 43471 | Elf:1    | Entered Level 1 of the Elven Halls
 43576 | Elf:1    | Found Douruost's Jewellery Shop.
 43724 | Elf:1    | Found Ufiddyad's Magic Scroll Boutique.
 43788 | Elf:1    | Found Geqypha's Antique Armour Shoppe.
 43798 | Elf:1    | Bought a pair of embroidered boots for 166 gold pieces
 43803 | Elf:1    | Identified a +0 pair of boots of running (You bought it in a shop on level 1 of the Elven Halls)
 44041 | Elf:1    | Found Ashrunn's General Store.
 44210 | Elf:1    | Reached XP level 22. HP: 148/167 MP: 28/28
 44931 | Elf:2    | Found Ifeil's Weapon Shop.
 45051 | Elf:2    | Got a scorched short sword
 45064 | Elf:2    | Found a runed gate.
 45070 | Elf:2    | Found a runed gate.
 45070 | Elf:2    | Found a runed gate.
 45683 | D:9      | Upgraded the game from 0.18-a0-1187-g9b90ff5 to 0.18-a0-1195-g77a4f03
 46350 | Elf:3    | Entered Level 3 of the Elven Halls
 46394 | Elf:3    | Found a radiant altar of Vehumet.
 46454 | Elf:3    | Noticed Norris
 46469 | Elf:3    | Killed Norris
 46993 | Elf:3    | Cast into level 2 of the Abyss (a deep elf sorcerer)
 46994 | Abyss:2  | IHTFP
 47149 | Abyss:2  | Reached XP level 23. HP: 99/173 MP: 29/29
 48461 | Elf:3    | Escaped the Abyss
 48475 | Elf:3    | Killed from afar by a Brimstone Fiend

Vault maps used:
D:1:      dpeg_arrival_rhombi, st_stairs_9, minmay_bisected
D:2:      lemuel_crystal_altar, hangedman_feature_mirror
D:3:      tso_altar
D:5:      grunt_temple_overflow_opulence, ashenzari_conservatory_becter,
          minmay_temple_entry_poolview, gup_sewer_entry_bubbles, first_bread,
          minmay_misc_feat_more_columns, xom_redecorated
D:6:      old_standard_altar, kennysheep_generic_room_7
D:7:      grunt_livestock, uniq_duvessa
D:8:      serial_shops, shop, minmay_misc_feat_alley,
          kennysheep_decorative_pillar
D:9:      nicolae_overflow_hidden_temple, minmay_lair_entry_lava, serial_shops,
          shop, special_room, uniq_joseph, uniq_erolcha
D:10:     uniq_nergalle
D:11:     bh_circular_ruins
D:12:     hiddenorc2_lemuel, portal_ice_cave_entry_imps, elyvilon_altar_3
D:13:     grunt_vaults_entry_fortified, spider_trap, uniq_snorg
D:14:     minmay_wavy_crystal, nicolae_gozag_cash_rules_everything_around_me
D:15:     grunt_enter_depths_magical_seal, st_stairs_12, onia_ninara_cookie
Temple:   circular_temple_12
Lair:2:   uniq_gastronok
Lair:3:   grunt_megastairs_5
Lair:4:   grunt_megastairs_4
Lair:5:   minmay_shoals_entry_lonely_mermaid, beast_lair_carwin_8
Lair:6:   spider_nest_entry_rubble
Lair:7:   slime_altar_1, grunt_forest_small_clearings
Lair:8:   guppyfry_lair_end_dragon, wormcave, infiniplex_staircase_pool
Shoals:1: uniq_donald
Shoals:3: serial_shops, nicolae_shop_statue_plus, yaktaur_hedge, uniq_jorgrun
Shoals:4: shoals_end_simple, shoals_ilsuiw_ice, uniq_polyphemus
Spider:1: nicolae_spider_mines_2, spider_trap, uniq_louise, uniq_kirke
Orc:1:    nicolae_volcano_entry_vermiform, nicolae_alphabet_shops
Orc:2:    st_orc_open
Elf:1:    elf_arrival_002, serial_shops, shop_statue, nicolae_shop_stone, shop,
          nicolae_shop_temple_entry_statues_fountains, evilmike_minifort
Elf:2:    serial_shops, shop, minivault_26
Elf:3:    minmay_elf_hall_golems, basic_altar, uniq_norris
Vaults:1: nicolae_vaults_rhombus_5, v_misc_16, v_misc_4, serial_shops, shop
Vaults:2: ontoclasm_vaults_misaligned, minmay_crypt_entry_simple_walls,
          nicolae_vaults_asterisk, vaults_dpeg_ring,
          nicolae_vaults_quartermaster, uniq_mennas
Vaults:3: dpeg_vaults_monster_row, hangedman_vaults_nails, v_misc_28,
          nicolae_vaults_big_angled_halls, hangedman_vaults_slice, v_rooms_3,
          ontoclasm_vaults_spin, nicolae_vaults_quadrants,
          nicolae_vaults_little_ls, grunt_vaults_diagonal,
          nicolae_vaults_shelves_hall, hangedman_vaults_stretched_pinwheel,
          stair_cage_open, ontoclasm_vaults_twist, uniq_xtahua
Vaults:4: grunt_vaults_funnel, v_misc_9, nicolae_vaults_big_angled_halls,
          v_rooms_5, vaults_room_grunt_arrival_checkpoint,
          ontoclasm_vaults_chip, v_pattern_5, ontoclasm_vaults_shuriken,
          nicolae_vaults_hallways_thing, v_misc_13,
          nicolae_vaults_little_squares_4, nicolae_vaults_little_squares_6,
          vaults_dpeg_diagonal
Abyss:3:  patterned_corridor, grunt_abyss_rune_twisted_forest,
          evilmike_abyss_exit_3
Sewer:    sewer_frog_island_02
IceCv:    ice_cave_small_dragons
Volcano:  volcano_pools

Action                   |  1- 3 |  4- 6 |  7- 9 | 10-12 | 13-15 | 16-18 | 19-21 | 22-24 || total
-------------------------+-------+-------+-------+-------+-------+-------+-------+-------++-------
Melee: War axe           |   126 |   169 |   564 |   822 |  1438 |   905 |       |       ||  4024
       Mace              |       |       |       |       |    35 |       |       |       ||    35
       Battleaxe         |       |       |       |       |       |   413 |  1076 |   618 ||  2107
Throw: Stone             |       |       |       |       |     1 |     3 |       |       ||     4
       Tomahawk          |       |       |       |       |       |     9 |       |       ||     9
       Javelin           |       |       |       |       |       |       |    26 |     1 ||    27
Invok: Bend Time         |       |       |       |     3 |     9 |     4 |     9 |     2 ||    27
       Slouch            |       |       |       |       |       |     4 |       |       ||     4
       Temporal Distorti |       |       |       |       |       |     2 |     1 |       ||     3
       Step From Time    |       |       |       |       |       |       |     1 |       ||     1
 Abil: Dig               |       |       |     2 |     3 |     9 |     6 |     3 |     7 ||    30
  Use: Scroll            |       |       |    11 |     2 |    14 |     6 |     3 |     4 ||    40
       Potion            |       |       |     4 |     1 |     6 |     1 |     3 |       ||    15
 Stab: Sleeping          |       |       |       |     1 |       |       |       |       ||     1
       Distracted        |       |       |       |       |       |     2 |     1 |     4 ||     7
       Petrified         |       |       |       |       |       |     3 |       |       ||     3
       Confused          |       |       |       |       |       |       |     3 |       ||     3
  Eat: Chunk             |     1 |     7 |    18 |    18 |    20 |    21 |    21 |     7 ||   113
       Pizza             |       |       |       |       |     1 |       |       |       ||     1
       Fruit             |       |       |       |       |       |     5 |       |       ||     5
       Beef jerky        |       |       |       |       |       |       |       |     1 ||     1
